 Dungeon Crawl Stone Soup version 0.25.0-8-gfd19cd77bd (webtiles) character file.

Game seed: 1249087617997173689

41118 Acheron the Grappler (level 13, -7/178 HPs)
             Began as a Troll Necromancer on June 16, 2020.
             Was a High Priest of Okawaru.
             Mangled by a black mamba (11 damage)
             ... on level 1 of the Snake Pit.
             The game lasted 02:54:11 (18673 turns).

Acheron the Grappler (Troll Necromancer)           Turns: 18673, Time: 02:54:12

Health: -7/178     AC: 30    Str: 19    XL:     13   Next: 78%
Magic:  18/18      EV:  1    Int: 13    God:    Okawaru [*****.]
Gold:   765        SH:  0    Dex: 10    Spells: 8/20 levels left

rFire    + . .     SeeInvis .   v - +3 short sword of Veux {drain, +Blink rElec}
rCold    . . .     Gourm    +   (no shield)
rNeg     + + +     Faith    .   (armour currently unavailable)
rPois    +         Spirit   .   (helmet currently unavailable)
rElec    +         Reflect  .   (cloak currently unavailable)
rCorr    .         Harm     .   (gloves unavailable)
MR       .....     NoTele   +   (boots unavailable)
Stlth    ++........             (no amulet)
HPRegen  0.79/turn              u - ring of protection from fire
MPRegen  0.16/turn              w - +4 ring of protection

@: lethally poisoned (-7 -> -17), tree-form, hasted, very quick
A: large, unfitting armour, clumsy 1, fast metabolism 3, gourmand, mutation
resistance 1, regeneration 1
a: Heroism, Finesse, Renounce Religion, Evoke Blink


You were on level 1 of the Snake Pit.
You worshipped Okawaru.
Okawaru was extremely pleased with you.
You were not hungry.
You were a tree.
You visited 6 branches of the dungeon, and saw 26 of its levels.
You also visited: Ice Cave.

You collected 1018 gold pieces.
You spent 253 gold pieces at shops.

Inventory:

Hand Weapons
 v - the +3 short sword of Veux (weapon) {drain, +Blink rElec}
   (You took it off a kobold on level 5 of the Dungeon)

   A truly terrible weapon, it drains the life of those it strikes.
   It insulates you from electricity.
   It lets you blink.
 D - a +2 flail of protection
Missiles
 d - 3 boomerangs of dispersal
 e - 381 stones
 h - 124 sling bullets
 q - 6 javelins
 x - 24 poisoned darts
 R - 14 large rocks (quivered)
 Y - 6 boomerangs
Armour
 f - a +2 hat of magic resistance
 H - a +1 cloak of stealth (melded)
 L - the +1 robe of Qazlal (melded) {rCorr Int+3}
   (You found it on level 1 of the Lair of Beasts)

   It affects your intelligence (+3).
   It provides partial protection from all sources of acid and corrosion.
 P - the +0 cloak "Sastoneu" {-Tele +Fly rC+++ Slay+2}
   (Okawaru gifted it to you on level 5 of the Lair of Beasts)

   It affects your accuracy and damage with ranged weapons and melee attacks
   (+2).
   It renders you almost immune to cold.
   It lets you fly.
   It prevents most forms of teleportation.
 V - the +2 hood of the Assassin (melded) {Detection Stab+ Stlth++}
   (Okawaru gifted it to you on level 2 of the Lair of Beasts)

   It makes you much more stealthy.
 X - a +0 kite shield
Magical Staves
 E - an uncursed staff of poison
 G - an uncursed staff of wizardry
 N - an uncursed staff of conjuration
Jewellery
 u - a ring of protection from fire (left branch)
 w - a +4 ring of protection (right branch)
 B - an uncursed amulet of magic regeneration
 C - an uncursed ring of positive energy
 Q - an uncursed ring of protection from fire
Wands
 p - a wand of acid (28)
 y - a wand of paralysis (15)
 I - a wand of random effects (20)
 M - a wand of flame (23)
 S - a wand of iceblast (24)
 T - a wand of digging (4)
Scrolls
 b - 2 scrolls of fog
 j - 2 scrolls of amnesia
 o - 6 scrolls of remove curse
 t - 14 scrolls of identify
 z - 4 scrolls of fear
 W - a scroll of enchant armour
 Z - a scroll of teleportation
Potions
 g - a potion of lignification
 r - 5 potions of stabbing
 s - 9 potions of flight
 A - a potion of might
 J - a potion of resistance
 U - a potion of cancellation
Miscellaneous
 F - a box of beasts
 K - a tin of tremorstones (3/3)
Comestibles
 c - 33 rations


   Skills:
 * Level 5.6 Fighting
 + Level 1.6 Short Blades
 + Level 6.2 Maces & Flails
 * Level 6.1 Throwing
 * Level 7.1 Dodging
 * Level 4.2 Stealth
 * Level 2.5 Shields
 * Level 12.5 Unarmed Combat
 * Level 4.2 Spellcasting
 + Level 1.0 Summonings
 + Level 6.2 Necromancy
 * Level 1.8 Translocations
 * Level 4.4 Invocations
 * Level 5.1 Evocations


You had 8 spell levels left.
You knew the following spells:

 Your Spells              Type           Power        Failure   Level  Hunger
a - Pain                  Necr           ###.         1%          1    None
b - Animate Skeleton      Necr           N/A          1%          1    None
c - Vampiric Draining     Necr           ###.......   4%          3    ###....
d - Animate Dead          Necr           N/A          16%         4    ####...
e - Recall                Summ/Tloc      N/A          32%         3    ###....

Your spell library contained the following spells:

 Spells                   Type           Power        Failure   Level  Hunger
 Agony                    Necr           ###.....     41%         5    ######.
 Borgnjor's Vile Clutch   Necr/Erth      ##........   83%         5    ######.
 Ice Form                 Ice/Tmut       #.......     90%         4    ####...
 Death Channel            Necr           ###.......   94%         6    #######
 Metabolic Englaciation   Hex/Ice        #.........   99%         5    ######.
 Freezing Cloud           Conj/Ice/Air   #.........   100%        6    #######
 Ozocubu's Refrigeration  Ice            #.........   100%        6    #######
 Simulacrum               Ice/Necr       ##........   100%        6    #######


Dungeon Overview and Level Annotations

Branches:
Dungeon (13/15)            Temple (1/1) D:5            Lair (6/6) D:11
  Swamp (1/4) Lair:2        Snake (4/4) Lair:2        Slime (1/5) Lair:5
    Orc (0/2) D:9           IceCv (visited)
 Vaults: D:13-14

Altars:
Ashenzari
Cheibriados
Dithmenos
Elyvilon
Fedhas
Gozag
Hepliaklqana
Kikubaaqudgha
Makhleb
Nemelex Xobeh
Okawaru
Qazlal
Ru
Sif Muna
Trog
Uskayaw
Vehumet
Wu Jian
Xom
Yredelemnul
Zin
The Shining One

Shops:
D:5 [   D:6 !   D:9 [

Annotations:
D:3 exclusion: upstairs
D:5 exclusion: downstairs
D:7 Joseph
D:11 2 runed translucent doors, afck's ghost, journeyman DsIE
D:12 Maurice


Innate Abilities, Weirdness & Mutations

You are too large for most types of armour.
((You have claws for hands.))
Your metabolism is lightning-fast.
You like to eat raw meat.
Your natural rate of healing is unusually fast.
((You are covered in fur. (AC +1)))
((You have extremely tough skin. (AC +3)))
You are clumsy. (Dex -2)
((Armour fits poorly on your strangely shaped body.))
You are somewhat resistant to further mutation.


Message History

The black mamba bites you but does no damage.
Okay, then.
Really quaff the potion of lignification?
You turn into a tree.
Your +1 cloak of stealth melds into your body.
The +2 hood of the Assassin {Detection Stab+ Stlth++} melds into your body.
The +1 robe of Qazlal {rCorr Int+3} melds into your body.
You feel less stealthy.
Your roots penetrate the ground.
* * * LOW HITPOINT WARNING * * *
You feel sick.
The black mamba bites you but does no damage.
You sense an unholy aura.
v - the +3 short sword of Veux (weapon)
{drain, +Blink rElec}
* * * LOW HITPOINT WARNING * * *
You feel sick.
The black mamba bites you but does no damage.
You closely miss the black mamba.
* * * LOW HITPOINT WARNING * * *
You feel sick. The black mamba bites you!
You die...

##.....##.....#
#.....###...##
#.....# #...#
#....###...#
#....##....#
#...#..#..#
#.....###.###
###....## ...
#..♣S..# #.###
#####..###...##
##..#.....##
#####........#
##.###.........
#..##..........
##.........####
#..#.Z.....#
##.##......##


You could see a black mamba.

Vanquished Creatures
  2 hydras
  The ghost of kikerikii the Slinger, a journeyman HaWr of Okawaru (Lair:2)
  2 two-headed ogres
  A naga sharpshooter (Snake:1)
  4 shock serpents
  A salamander mystic (Snake:1)
  2 unseen horrors (D:12)
  The ghost of Zing the Carver, a novice MiFi (D:6)
  3 ugly things
  2 mana vipers
  A cyclops (D:11)
  3 salamanders (Snake:1)
  A gargoyle (D:10)
  12 black mambas
  A spiny frog (Lair:2)
  3 rime drakes
  3 komodo dragons
  3 trolls
  2 polar bears (Lair:5)
  The ghost of iamserjio the Chiller, an amateur GnIE (D:5)
  8 dream sheep
  5 hippogriffs
  A shadow (D:12)
  A vampire (D:10)
  4 wyverns
  2 wraiths (D:11)
  2 basilisks (D:11)
  28 yaks
  3 hogs (D:7)
  A human (D:7)
  7 nagas
  3 acid dragons
  Edmund (D:6)
  3 water moccasins
  9 porcupines
  23 ice beasts
  A spectral hornet (D:6)
  2 orc warriors
  A sky beast (D:8)
  3 black bears
  3 centaurs
  3 necrophages
  2 ogres
  5 phantoms
  10 crocodiles
  The ghost of releu the Ducker, an amateur KoTm (D:3)
  4 big kobolds
  7 bullfrogs
  A wyvern zombie (D:12)
  A wyvern skeleton (D:6)
  8 scorpions
  12 killer bees
  2 electric eels (Lair:2)
  A howler monkey (D:2)
  13 crimson imps
  6 bullfrog zombies
  3 orc priests
  6 hounds
  2 bullfrog skeletons (D:9)
  8 jellies
  8 orc wizards
  5 centaur skeletons
  3 iguanas
  Terence (D:2)
  9 worker ants
  4 hell rats (Lair:2)
  A hound zombie (D:5)
  A howler monkey zombie (D:9)
  3 worker ant zombies
  15 adders
  8 gnolls
  2 howler monkey skeletons
  3 river rats (Lair:2)
  3 shadow imps
  A white imp (D:5)
  An adder zombie (D:3)
  3 adder skeletons
  4 worms
  3 dart slugs
  11 leopard geckos
  33 orcs
  2 ball pythons
  3 giant cockroaches
  6 goblins
  7 hobgoblins
  5 jackals
  23 kobolds
  2 quokkas
  14 bats
  3 frilled lizards
  A giant cockroach zombie (D:3)
  16 rats
  A fungus (Lair:1)
  A plant (D:2)
461 creatures vanquished.

Vanquished Creatures (collateral kills)
  A cyclops (D:11)
  2 black mambas
  3 spiny frogs
  2 dream sheep (Lair:3)
  8 yaks
  A water moccasin (Lair:2)
  A porcupine (Lair:3)
  An ice beast (IceCv)
  A hornet zombie (D:12)
  2 crocodiles
  4 bullfrogs
  3 electric eels (Lair:2)
  A river rat (Lair:2)
  A kobold (D:10)
  2 fungi
33 creatures vanquished.

Vanquished Creatures (others)
  A bush (Lair:2)
  7 fungi
  16 plants
24 creatures vanquished.

Grand Total: 518 creatures vanquished

Notes
Turn   | Place    | Note
-------+----------+-------------------------------------------
     0 | D:1      | Acheron the Troll Necromancer began the quest for the Orb.
     0 | D:1      | Reached XP level 1. HP: 16/16 MP: 1/1
   166 | D:1      | Reached XP level 2. HP: 24/24 MP: 2/2
   563 | D:1      | Reached skill level 1 in Unarmed Combat
   807 | D:2      | Reached XP level 3. HP: 13/32 MP: 4/4
   994 | D:2      | Noticed Terence
  1002 | D:2      | Killed Terence
  1002 | D:2      | Reached XP level 4. HP: 36/40 MP: 5/5
  1074 | D:2      | Reached skill level 2 in Unarmed Combat
  1209 | D:2      | Reached skill level 1 in Throwing
  1512 | D:2      | Gained mutation: Armour fits poorly on your strangely
                  | shaped body. [potion of mutation]
  1512 | D:2      | Gained mutation: You are clumsy. (Dex -2) [potion of
                  | mutation]
  1512 | D:2      | Gained mutation: You are somewhat resistant to further
                  | mutation. [potion of mutation]
  1516 | D:2      | Reached skill level 1 in Fighting
  1542 | D:2      | Reached XP level 5. HP: 30/48 MP: 6/6
  2183 | D:3      | Found a runed translucent gate.
  2183 | D:3      | Found a runed translucent gate.
  2183 | D:3      | Found a runed translucent gate.
  2184 | D:3      | Noticed releu's ghost (amateur KoTm)
  2562 | D:4      | Noticed a phantom
  2611 | D:4      | Killed a phantom
  2611 | D:4      | Reached skill level 3 in Unarmed Combat
  2611 | D:4      | Reached XP level 6. HP: 14/55 MP: 7/7
  3084 | D:4      | Reached skill level 1 in Maces & Flails
  3187 | D:4      | Reached XP level 7. HP: 61/62 MP: 8/8
  3493 | D:4      | Reached skill level 4 in Unarmed Combat
  3765 | D:5      | Entered Level 5 of the Dungeon
  3765 | D:5      | Found Mypnisyh's Antique Armour Shop.
  3900 | D:5      | Reached skill level 1 in Evocations
  4372 | D:5      | Found a runed translucent gate.
  4372 | D:5      | Found a runed translucent gate.
  4372 | D:5      | Found a runed translucent gate.
  4411 | D:5      | Found a staircase to the Ecumenical Temple.
  4415 | Temple   | Entered the Ecumenical Temple
  4680 | Temple   | Became a worshipper of Warmaster Okawaru
  4861 | D:5      | Identified the cursed +3 short sword of Veux {drain, +Blink
                  | rElec}
  4863 | D:5      | Noticed iamserjio's ghost (amateur GnIE)
  4903 | D:5      | Killed iamserjio's ghost
  4903 | D:5      | Reached skill level 5 in Unarmed Combat
  4903 | D:5      | Reached XP level 8. HP: 41/72 MP: 10/10
  5124 | D:6      | Found Tioghoat's Distillery.
  5129 | D:6      | Bought a potion of curing for 36 gold pieces
  5129 | D:6      | Bought a potion of curing for 36 gold pieces
  5206 | D:6      | Reached skill level 6 in Unarmed Combat
  5328 | D:6      | Found a runed translucent gate.
  5328 | D:6      | Found a runed translucent gate.
  5329 | D:6      | Found a runed translucent gate.
  5330 | D:6      | Noticed Zing's ghost (novice MiFi)
  5350 | D:6      | Reached * piety under Okawaru
  5490 | D:6      | Noticed Edmund
  5501 | D:6      | Killed Edmund
  5651 | D:6      | Reached XP level 9. HP: 67/80 MP: 11/11
  5712 | D:6      | Found a basalt altar of Yredelemnul.
  5868 | D:7      | Noticed Joseph
  5993 | D:8      | Reached skill level 7 in Unarmed Combat
  6143 | D:8      | Learned a level 1 spell: Animate Skeleton
  6147 | D:8      | Learned a level 3 spell: Vampiric Draining
  6194 | D:8      | Reached ** piety under Okawaru
  6228 | D:8      | Reached skill level 8 in Unarmed Combat
  6772 | D:9      | Reached XP level 10. HP: 48/91 MP: 10/13
  6895 | D:9      | Found Fistuz Goysch's Armour Emporium.
  6952 | D:9      | Found a staircase to the Orcish Mines.
  6971 | D:9      | Bought a +1 cloak of stealth for 181 gold pieces
  7068 | D:9      | Found a shimmering altar of Xom.
  7513 | D:10     | Entered Level 10 of the Dungeon
  7795 | D:10     | Found a bloodstained altar of Trog.
  7950 | D:11     | Found a staircase to the Lair.
  7967 | D:11     | Found a runed translucent door.
  7967 | D:11     | Noticed a cyclops
  7968 | D:11     | Noticed a fire giant
  7968 | D:11     | Noticed a necromancer
  7968 | D:11     | Noticed a lich
  7969 | D:11     | Noticed a phantasmal warrior
  7970 | D:11     | Noticed a skeletal warrior
  7970 | D:11     | Noticed afck's ghost (journeyman DsIE)
  7982 | D:11     | Reached *** piety under Okawaru
  7988 | D:11     | Reached skill level 9 in Unarmed Combat
  8033 | D:11     | Found a runed translucent door.
  8118 | D:11     | Noticed a cyclops
  8120 | D:11     | Noticed a two-headed ogre
  8131 | D:11     | Killed a two-headed ogre
  8139 | Lair:1   | Entered Level 1 of the Lair of Beasts
  8312 | Lair:2   | Reached skill level 1 in Invocations
  8350 | Lair:2   | Noticed a spiny frog
  8475 | Lair:1   | Got a warped robe
  8476 | Lair:1   | Identified the +1 robe of Qazlal {rCorr Int+3} (You found
                  | it on level 1 of the Lair of Beasts)
  8494 | Lair:1   | Learned a level 4 spell: Animate Dead
  8902 | Lair:2   | Reached **** piety under Okawaru
  8903 | Lair:2   | Found a staircase to the Swamp.
  8958 | Lair:2   | Found a large runed translucent door.
  8959 | Lair:2   | Found a large runed translucent door.
  8960 | Lair:2   | Noticed kikerikii's ghost (journeyman HaWr)
  8978 | Lair:2   | Killed kikerikii's ghost
  8978 | Lair:2   | Reached skill level 5 in Dodging
  8978 | Lair:2   | Reached skill level 10 in Unarmed Combat
  9029 | Lair:2   | Reached XP level 11. HP: 74/100 MP: 11/14
  9238 | Lair:3   | Found a frozen archway.
  9437 | IceCv    | Entered an ice cave
  9452 | IceCv    | Reached ***** piety under Okawaru
  9481 | IceCv    | Reached skill level 5 in Necromancy
  9671 | Lair:6   | Entered Level 6 of the Lair of Beasts
  9690 | Lair:6   | Noticed a four-headed hydra
  9750 | Lair:5   | Noticed a six-headed hydra
  9899 | Lair:5   | Found a staircase to the Slime Pits.
  9947 | Slime:1  | Entered Level 1 of the Pits of Slime
 10062 | Lair:5   | Received a gift from Okawaru
 10063 | Lair:5   | Got a twisted cloak {god gift}
 10064 | Lair:5   | Identified the +0 cloak "Sastoneu" {-Tele +Fly rC+++
                  | Slay+2} (Okawaru gifted it to you on level 5 of the Lair of
                  | Beasts)
 10203 | Lair:5   | Noticed a six-headed hydra
 10246 | Lair:5   | Killed a six-headed hydra
 10258 | Lair:5   | Noticed a catoblepas
 10260 | Lair:6   | Noticed a seven-headed hydra
 10411 | Lair:4   | Reached skill level 5 in Maces & Flails
 10662 | Lair:4   | Noticed a four-headed hydra
 10675 | Lair:4   | Killed a four-headed hydra
 10675 | Lair:4   | Reached skill level 11 in Unarmed Combat
 10766 | Lair:4   | Reached XP level 12. HP: 97/109 MP: 16/16
 10814 | Lair:4   | Reached skill level 5 in Throwing
 11476 | Lair:3   | Received a gift from Okawaru
 11814 | Lair:2   | Learned a level 3 spell: Recall
 11827 | Lair:2   | Received a gift from Okawaru
 11993 | Swamp:1  | Entered Level 1 of the Swamp
 11993 | Swamp:1  | Noticed an alligator
 12202 | Lair:2   | Received a gift from Okawaru
 12347 | Lair:2   | Found a staircase to the Snake Pit.
 12365 | Snake:1  | Entered Level 1 of the Snake Pit
 12495 | Lair:2   | Received a gift from Okawaru
 12495 | Lair:2   | Reached skill level 1 in Short Blades
 12496 | Lair:2   | Found the +2 hood of the Assassin {Detection Stab+ Stlth++}
 12711 | D:12     | Noticed a two-headed ogre
 12720 | D:12     | Killed a two-headed ogre
 12720 | D:12     | Reached skill level 5 in Fighting
 12830 | D:12     | Noticed Maurice
 12841 | D:12     | Reached skill level 1 in Translocations
 13059 | D:12     | Reached skill level 1 in Summonings
 13174 | D:12     | Found a burning altar of Makhleb.
 13174 | D:12     | Noticed an Executioner
 14295 | D:7      | Reached XP level 13. HP: 112/118 MP: 18/18
 14376 | D:6      | Reached skill level 1 in Shields
 14630 | D:6      | Killed Zing's ghost
 14825 | D:3      | Killed releu's ghost
 15489 | D:11     | Reached skill level 12 in Unarmed Combat
 15813 | D:11     | Received a gift from Okawaru
 16126 | Snake:1  | Received a gift from Okawaru
 16830 | Snake:2  | Reached skill level 5 in Evocations
 17058 | Snake:3  | HP: 3/119 [shock serpent/electric aura (7)]
 17066 | Snake:3  | HP: 4/119 [naga/+0 hand axe (4)]
 17717 | Snake:4  | Entered Level 4 of the Snake Pit
 17717 | Snake:4  | Noticed a nagaraja
 17794 | Snake:4  | Noticed a nagaraja
 18670 | Snake:1  | HP: 4/119 [black mamba (2)]
 18673 | Snake:1  | Mangled by a black mamba

Illustrated notes

Levels and vault maps discovered:
D:1:      sevenhm_arrival_forest_fort_small_4, layout_basic
D:2:      minmay_razor_zed, layout_rooms, first_ration, lexackson_kobold_supper,
          uniq_terence
D:3:      layout_basic, gammafunk_ghost_necromancy
D:4:      layout_basic
D:5:      minmay_angry_zag, layout_rooms, minmay_temple_entry_glassed_door,
          serial_shops, shop, gammafunk_ghost_nasty_kobolds,
          minmay_fire_ice_demons
D:6:      layout_cave_pools, kennysheep_mini_moat, serial_shops,
          kennysheep_little_box, gammafunk_ghost_necromancy,
          wad_floor_pattern_2, patterned_corridor, uniq_edmund
D:7:      layout_cave_pools, grunt_livestock, uniq_joseph
D:8:      layout_rooms, feat_on_display
D:9:      layout_loops_ring, orc_david_3, lemuel_altar_in_water
D:10:     layout_irregular_city, minmay_misc_feat_secret_circle, trog_book
D:11:     layout_cave_pools, minmay_lair_entry_grove,
          muffindrake_ghost_dual_entry
D:12:     layout_irregular_city, gauntlet_entry_generic,
          makhleb_altar_promises_db, uniq_maurice
D:13:     cheibrodos_lost_city_excavation, layout_irregular_city
Temple:   roderic_octagonal_lattice_temple
Lair:1:   layout_regular_city
Lair:2:   layout_misc_corridors, minmay_swamp_entry_eels, dummy_snake_entry,
          ebering_ghost_disaster_area, kennysheep_abandoned_house
Lair:3:   layout_concentric_octagons, portal_ice_cave_entry_ice_beasts
Lair:4:   layout_big_grid
Lair:5:   layout_gridlike, slime_dummy, chequers_serial_rivers_large_a,
          grunt_megastairs_5
Lair:6:   minmay_lair_end_enchanted_forest, layout_misc_corridors,
          lemuel_fruit_fields
Swamp:1:  layout_falls_marsh, evilmike_swamp_ruin_house_5
Snake:1:  layout_chambers, serial_bayou_lake_a
Snake:2:  layout_onion_interference, serial_shops, nicolae_shop_crystal,
          serial_bayou_shore_a, uniq_frances
Snake:3:  layout_honeycomb, uniq_bai_suzhen
Snake:4:  johnstein_snake_rune_scales, layout_rooms
Slime:1:  layout_caves, cheibrodos_slime_lost_civilization_5

Skill      XL: |  1  2  3  4  5  6  7  8  9 10 11 12 13 |
---------------+----------------------------------------+-----
Unarmed Combat | 1 2 3 5 6 8 10 11 12 | 12.5
Throwing       | 1 2 3 4 5 6 |  6.1
Dodging        | 2 3 4 5 6 7 |  7.1
Fighting       | 1 2 3 4 5 |  5.6
Maces & Flails | 1 2 3 4 5 6 |  6.2
Evocations     | 1 2 3 4 5 |  5.1
Spellcasting   | 2 3 4 |  4.2
Necromancy     | 4 5 6 |  6.2
Stealth        | 2 3 4 |  4.2
Invocations    | 1 2 3 4 |  4.4
Short Blades   | 1 |  1.6
Translocations | 1 |  1.8
Summonings     | 1 |  1.0
Shields        | 2 |  2.5

Action                   |  1- 3 |  4- 6 |  7- 9 | 10-12 | 13-15 || total
-------------------------+-------+-------+-------+-------+-------++-------
Melee: Unarmed           |    96 |   216 |   407 |   600 |   326 ||  1645
       Whip              |       |    32 |       |       |       ||    32
       Punch             |       |     2 |    12 |    44 |    23 ||    81
       Flail             |       |       |       |    41 |       ||    41
       Short sword       |       |       |       |   111 |   105 ||   216
Throw: Stone             |       |    18 |    12 |    91 |       ||   121
       Dart              |       |       |    12 |     8 |       ||    20
       Large rock        |       |       |       |    20 |    23 ||    43
 Cast: Animate Skeleton  |       |       |     2 |    73 |    24 ||    99
Invok: Heroism           |       |       |     9 |    25 |    15 ||    49
       Finesse           |       |       |       |       |     1 ||     1
Evoke: Wand              |       |     1 |       |       |       ||     1
       Box of beasts     |       |       |       |     1 |       ||     1
  Use: Potion            |       |     4 |     1 |     3 |     7 ||    15
       Scroll            |       |     9 |     9 |    14 |     5 ||    37
 Stab: Sleeping          |     1 |     1 |       |     6 |     8 ||    16
       Distracted        |       |       |       |     5 |     1 ||     6
  Eat: Chunk             |    15 |    20 |    32 |    65 |    27 ||   159
       Ration            |       |       |       |       |     3 ||     3
Armor: Robe              |    34 |    65 |   136 |   284 |   155 ||   674
       Skin              |       |    29 |       |       |     2 ||    31
Dodge: Dodged            |    56 |   105 |   194 |   415 |   267 ||  1037
